 Dungeon Crawl Stone Soup version 0.31-a0-590-g8a5a4361df (webtiles) character file.

Game seed: 16005883587172722390

403 Pooter the Trooper (level 6, -7/56 HPs)
             Began as a Minotaur Berserker on Aug 19, 2023.
             Was a Believer of Trog.
             Mangled by a vampire
             ... wielding a +0 dagger
              (10 damage)
             ... on level 5 of the Dungeon on Aug 20, 2023.
             The game lasted 00:18:52 (4944 turns).

Pooter the Trooper (Minotaur Berserker)             Turns: 4944, Time: 00:18:52

Health: -7/56      AC:  6    Str: 23    XL:     6   Next: 55%
Magic:  5/5        EV: 10    Int:  4    God:    Trog [**....]
Gold:   77         SH:  0    Dex: 10    Spells: 5/5 levels left

rFire   . . .        a - +0 great mace
rCold   . . .        (shield currently unavailable)
rNeg    . . .        k - +0 scale mail
rPois   .            (helmet restricted)
rElec   .            (no cloak)
rCorr   .            (no gloves)
SInv    .            (no boots)
Will    +++..        (no amulet) Stlth
                     g - ring of willpower
HPRegen 1.29/turn    (no ring)
MPRegen 0.09/turn

%: no passive effects
@: strong-willed (expiring), on berserk cooldown, regenerating (expiring),
slowed, very slow
A: horns 2, retaliatory headbutt
a: Renounce Religion, Berserk, Trog's Hand


You were on level 5 of the Dungeon.
You worshipped Trog.
Trog was pleased with you.
You visited 1 branch of the dungeon, and saw 5 of its levels.

You collected 247 gold pieces.
You spent 170 gold pieces at shops.

Inventory:

Hand Weapons
 a - a +0 great mace (weapon)
   (You found it on level 1 of the Dungeon)
 b - a +0 sling
   (You found it on level 2 of the Dungeon)
 d - a +0 hand axe
 n - a +0 trident
   (You found it on level 2 of the Dungeon)
 o - a +2 war axe of flaming
   (You took it off an orc on level 3 of the Dungeon)
Missiles
 p - 2 boomerangs
 Q - 30 stones (quivered)
Armour
 k - a +0 scale mail (worn)
   (You found it on level 2 of the Dungeon)
Jewellery
 g - a ring of willpower (left hand)
   (You found it on level 1 of the Dungeon)
 m - a ring of fire
   (You found it on level 2 of the Dungeon)
Wands
 f - a wand of flame (16)
   (You found it on level 4 of the Dungeon)
Scrolls
 c - 2 scrolls of poison {!r}
 e - a scroll of enchant armour
 j - a scroll of brand weapon
 r - a scroll of fear
 t - 3 scrolls of teleportation {@r4}
 w - a scroll of revelation
Potions
 h - a potion of might {unknown}
 l - 2 potions of curing {unknown}
 s - a potion of mutation {unknown}
 u - a potion of berserk rage {unknown}
 v - a potion of lignification {unknown}


   Skills:
 + Level 5.2 Fighting
 + Level 5.2(6.2) Axes
 * Level 5.0(6.0) Maces & Flails
 + Level 2.5 Ranged Weapons
 - Level 2.4 Armour
 - Level 2.1 Dodging
 - Level 0.2 Stealth


You had 5 spell levels left.
You didn't know any spells.
Your spell library was empty.

Dungeon Overview and Level Annotations

Branches:
Dungeon (5/15) Zot: 24925
 Temple: D:4-7

Altars:
Uskayaw

Shops:
D:1 ?(

Annotations:
D:4 Eustachio
D:5 2 runed translucent doors


Innate Abilities, Weirdness & Mutations

You have a pair of horns on your head.
You reflexively headbutt those who attack you in melee.


Message History

You kill the orc!
Trog accepts your kill.
Items here: ( ) = [.
Okay, then.
You bludgeon the vampire!!
You feel the effects of Trog's Hand fading.
The vampire barely misses you. You furiously retaliate!
You headbutt the vampire, but do no damage.
The vampire barely misses you. x2; The vampire bites you.
The vampire draws strength from your injuries!
You closely miss the vampire. The vampire closely misses you. x3
The vampire bites you but does no damage.
You barely miss the vampire. You headbutt the vampire.
The vampire mumbles some strange words.
The vampire flickers and vanishes!
Deactivating autopickup; reactivate with Ctrl-A.
Something draws life force from you!
You sock something! Your headbutt misses something.
Your skin stops crawling.
You feel less strong-willed. Something draws life force from you.
Something hits you. Something bites you.
Something draws strength from your injuries!
Unknown command.
Your skin crawls.
You feel strong-willed. Something hits you!
* * * LOW HITPOINT WARNING * * *
Something bites you.
* * * LOW HITPOINT WARNING * * *
Something draws strength from your injuries!
Something completely misses you. Something bites you but does no damage.
You miss something. Your headbutt misses something. Something hits you.
* * * LOW HITPOINT WARNING * * *
Something bites you.
* * * LOW HITPOINT WARNING * * *
Something draws strength from your injuries!
Something hits you.
* * * LOW HITPOINT WARNING * * *
Something bites you but does no damage.
Unknown command.
You sock something!
You feel the effects of Trog's Hand fading.
Something hits you but does no damage. Something bites you!
* * * LOW HITPOINT WARNING * * *
Something draws strength from your injuries!
Something hits you!
You die...

.##.......#.....#.......
.....# #.#.....#...#
.###### #.........#.#
....#.# .#.....#.#.##
.....# #.....#....#
....#.##..###.###....#
!####
#...........#...... .#
....######..#...###
.######### #@##.....
.........# #{# ..###
########.# #.# ..#
#.#######.# .#
#...V.....# ###########


There were no monsters in sight!

Vanquished Creatures
  An ogre (D:5)
  A scorpion (D:4)
  An iguana (D:5)
  Natasha (D:3)
  An orc wizard (D:5)
  6 adders
  3 gnolls
  3 white imps (D:5)
  A worm (D:3)
  A dart slug (D:1)
  6 orcs
  5 endoplasms
  2 giant cockroaches (D:1)
  5 goblins
  6 hobgoblins
  6 kobolds
  5 quokkas
  5 ball pythons
  9 bats
  5 frilled lizards (D:1)
  8 rats
81 creatures vanquished.

Notes
Turn   | Place    | Note
-------+----------+-------------------------------------------
     0 | D:1      | Pooter the Minotaur Berserker began the quest for the Orb.
     0 | D:1      | Reached XP level 1. HP: 19/19 MP: 0/0
   148 | D:1      | Reached skill level 1 in Maces & Flails
   150 | D:1      | Reached XP level 2. HP: 12/27 MP: 1/1
   424 | D:1      | Found Miriereg's Antique Weapon Emporium.
   654 | D:1      | Found The Oracle's Delphic Readings.
   660 | D:1      | Reached ** piety under Trog
   710 | D:1      | Reached XP level 3. HP: 31/33 MP: 2/2
  1329 | D:2      | Reached XP level 4. HP: 37/40 MP: 3/3
  1491 | D:2      | Reached skill level 1 in Ranged Weapons
  3089 | D:1      | Bought a scroll of poison for 44 gold pieces
  3089 | D:1      | Bought a scroll of revelation for 82 gold pieces
  3715 | D:3      | Reached XP level 5. HP: 44/47 MP: 4/4
  3832 | D:3      | Noticed Natasha
  3841 | D:3      | Killed Natasha
  4206 | D:1      | Bought a scroll of fear for 44 gold pieces
  4393 | D:4      | Found a hide-covered altar of Uskayaw.
  4547 | D:4      | Noticed Eustachio
  4729 | D:5      | Entered Level 5 of the Dungeon
  4734 | D:5      | Found a large runed translucent door.
  4735 | D:5      | Found a large runed translucent door.
  4741 | D:5      | Noticed an ogre
  4757 | D:5      | Killed an ogre
  4758 | D:5      | Reached skill level 5 in Fighting
  4758 | D:5      | Reached skill level 5 in Axes
  4758 | D:5      | Reached XP level 6. HP: 56/56 MP: 5/5
  4912 | D:5      | Reached skill level 5 in Maces & Flails
  4931 | D:5      | Noticed a vampire
  4944 | D:5      | Mangled by a vampire

Illustrated notes

Levels and vault maps discovered:
D:1:      dpeg_arrival_tiny_h, layout_basic, serial_shops,
          nicolae_shop_advertising_works [nicolae_subvault_shop_adworks],
          nicolae_nh_oracle_at_delphi
D:2:      layout_loops_ring
D:3:      layout_rooms, uniq_natasha
D:4:      layout_basic, lemuel_tele_altar, uniq_eustachio
D:5:      layout_loops_ring, ebering_ghost_disaster_area,
          minmay_chambers_of_fives, uniq_edmund, uniq_blork_the_orc

Skill      XL: |  1  2  3  4  5  6 |
---------------+-------------------+-----
Maces & Flails | 1 2 3 4 5 |  5.0
Axes           | 4 5 |  5.2
Fighting       | 4 5 |  5.2
Ranged Weapons | 1 2 |  2.5
Armour         | |  2.4
Dodging        | |  2.1
Stealth        | |  0.2

Action                     |  1- 3 |  4- 6 || total
---------------------------+-------+-------++-------
  Melee: Great mace        |    72 |    61 ||   133
         Hand axe          |     4 |       ||     4
         Headbutt          |    14 |     9 ||    23
   Fire: Sling             |    15 |    63 ||    78
 Invoke: Berserk           |     1 |     2 ||     3
         Trog's Hand       |       |     4 ||     4
    Use: Scroll            |     3 |     1 ||     4
   Stab: Sleeping          |     1 |       ||     1
 Armour: Animal skin       |    11 |       ||    11
         Ring mail         |    10 |       ||    10
         Scale mail        |    12 |    41 ||    53
  Dodge: Dodged            |    55 |    52 ||   107

Table legend: (Time is in decaauts)
 A = Elapsed time spent in this place.
 B = Non-inter-level travel time spent in this place.
 C = Inter-level travel time spent in this place.
 D = Time resting spent in this place.
 E = Time spent auto-exploring this place.
 F = Levels seen in this place.
 G = Mean time per level.
                   A        B        C        D        E       F      G
               +--------+--------+--------+--------+--------+-----+--------+
         Total |   5072 |   4821 |    251 |   2306 |   1772 |   5 | 1014.4 |
       Dungeon |   5072 |   4821 |    251 |   2306 |   1772 |   5 | 1014.4 |
               +--------+--------+--------+--------+--------+-----+--------+

Top non-repeatable levels by time:
     D:3: 2570 daAuts
     D:1: 1079 daAuts
     D:2: 674 daAuts
     D:4: 503 daAuts
     D:5: 245 daAuts
